 Dungeon Crawl Stone Soup version 0.25-a0-317-g5f8687bca5 (webtiles) character file.

Game seed: 9309789182135930038, levelgen mode: deterministic

128 Error4North the Covered (level 5, -6/46 HPs)
             Began as a Hill Orc Fighter on Dec 26, 2019.
             Killed by divine providence
             ... invoked by an orc priest
              (12 damage)
             ... on level 3 of the Dungeon.
             The game lasted 00:06:31 (2100 turns).

Error4North the Covered (Hill Orc Fighter)          Turns: 2100, Time: 00:06:32

Health: -6/46      AC:  7    Str: 20    XL:     5   Next: 11%
Magic:  6/6        EV:  7    Int: 13    God:
Gold:   67         SH:  9    Dex: 10    Spells: 5/5 levels left

rFire    . . .     SeeInvis .   a - +0 war axe
rCold    . . .     Gourm    .   c - +0 shield
rNeg     . . .     Faith    .   b - +0 scale mail
rPois    .         Spirit   .   (no helmet)
rElec    .         Reflect  .   (no cloak)
rCorr    .         Harm     .   (no gloves)
MR       .....                  (no boots)
Stlth    ..........             (no amulet)
HPRegen  0.15/turn              (no ring)
MPRegen  0.10/turn              (no ring)

@: brilliant
A: no striking features
a: Convert to Beogh


You were on level 3 of the Dungeon.
You were not hungry.

You visited 1 branch of the dungeon, and saw 3 of its levels.

You collected 67 gold pieces.

Inventory:

Hand Weapons
 a - a +0 war axe (weapon)
 n - a +0 hunting sling
Missiles
 e - 51 stones (quivered)
 o - 28 sling bullets
Armour
 b - a +0 scale mail (worn)
 c - a +0 shield (worn)
Jewellery
 g - an uncursed ring of protection from magic
Scrolls
 i - a scroll of remove curse {unknown}
 k - a scroll of amnesia {unknown}
 l - a scroll of identify {unknown}
 q - a scroll of enchant armour {unknown}
Potions
 d - a potion of might
 h - 2 potions of brilliance
 j - a potion of resistance {unknown}
 m - 2 potions of invisibility {unknown}
Comestibles
 f - 3 rations
 p - 5 chunks of flesh


   Skills:
 + Level 4.0 Fighting
 + Level 4.1 Axes
 * Level 4.3 Armour
 + Level 0.2 Dodging
 * Level 4.0 Shields
 * Level 0.9 Spellcasting


You had 5 spell levels left.
You didn't know any spells.
Your spell library was empty.

Dungeon Overview and Level Annotations

Branches:
Dungeon (3/15)

Altars:
Makhleb
The Shining One


Message History

Beogh smites you!
You slash the rat!
You kill the rat!
You block the orc priest's attack.
Things that are here:
a +1 flail of protection; a +0 chain mail You barely miss the orc priest.
The orc priest calls down the wrath of Beogh upon you.
Pain shoots through your body!
* * * LOW HITPOINT WARNING * * *
You block the orc priest's attack.
You closely miss the orc priest.
The orc priest threatens, "By the altar or by the axe, you will meet Beogh!"
The orc priest hits you but does no damage.
It was a potion of brilliance.
You feel clever all of a sudden.
The orc priest hits you but does no damage.
The orc priest calls down the wrath of Beogh upon you.
Beogh smites you!
You die...

#.#.. ..
#.########.
#####..........
#........#####
#........#####
#............#
.........÷(...#
######......÷.#
#...######@#
...... #.#
#####. #o# .#.
#.# ≈. #. #.#
((.(#.###o#
#(...).#
#.#######


You could see an orc priest and an orc.

Vanquished Creatures
  A hound (D:2)
  An adder (D:2)
  An ooze (D:2)
  3 worms (D:2)
  2 dart slugs (D:2)
  A leopard gecko (D:2)
  5 orcs
  A ball python (D:1)
  7 bats
  A giant cockroach (D:1)
  7 goblins
  9 hobgoblins
  4 jackals (D:3)
  A quokka (D:2)
  2 frilled lizards (D:1)
  6 kobolds
  10 rats
62 creatures vanquished.

Notes
Turn   | Place    | Note
-------+----------+-------------------------------------------
     0 | D:1      | Error4North the Hill Orc Fighter began the quest for the
                  | Orb.
     0 | D:1      | Reached XP level 1. HP: 19/19 MP: 1/1
    42 | D:1      | Reached XP level 2. HP: 22/27 MP: 2/2
   325 | D:1      | Reached XP level 3. HP: 27/33 MP: 3/3
  1051 | D:2      | Reached XP level 4. HP: 33/40 MP: 4/4
  1408 | D:2      | Found a burning altar of Makhleb.
  1463 | D:2      | Found a glowing golden altar of the Shining One.
  2003 | D:3      | Reached XP level 5. HP: 46/46 MP: 6/6
  2100 | D:3      | Killed from afar by an orc priest

Levels and vault maps discovered:
D:1:      dpeg_arrival_brainrot, layout_basic, serial_rivers,
          chequers_serial_rivers_large_b, chequers_serial_rivers_small_a,
          chequers_serial_rivers_micro_c, chequers_serial_rivers_small_3,
          chequers_serial_rivers_marsh, st_stairs_7
D:2:      layout_basic, nicolae_tso_swordbearing_angel, makhleb_heckhound_becter
D:3:      layout_basic, nicolae_qazlal_style_of_elements,
          nicolae_ru_awakened_eye, uniq_sigmund, uniq_terence

Skill      XL: |  1  2  3  4 |
---------------+-------------+-----
Axes           | 3 4 |  4.1
Armour         | 4 |  4.3
Fighting       | 4 |  4.0
Shields        | 4 |  4.0
Dodging        | |  0.2
Spellcasting   | |  0.9

Action                   |  1- 3 |  4- 6 || total
-------------------------+-------+-------++-------
Melee: War axe           |   132 |   122 ||   254
 Fire: Hunting sling     |       |     6 ||     6
  Use: Potion            |       |     1 ||     1
  Eat: Chunk             |     1 |     1 ||     2
       Ration            |       |     1 ||     1
Armor: Scale mail        |    58 |    62 ||   120
Dodge: Dodged            |    49 |    34 ||    83
Block: Shield            |    83 |    76 ||   159

Table legend:
 A = Non-vault XP
 B = Vault XP
 C = Vault XP percentage of total XP
 D = Non-vault monster count
 E = Vault monster count
 F = Vault count percentage of total count
                 A         B        C        D         E       F
            +---------+---------+-------+---------+---------+-------
      Total |     136 |      47 |  25.7 |      60 |       2 |   3.2
            +---------+---------+-------+---------+---------+-------
        D:1 |      37 |       2 |   5.1 |      23 |       1 |   4.2
        D:2 |      80 |      45 |  36.0 |      27 |       1 |   3.6
        D:3 |      19 |       0 |   0.0 |      10 |       0 |   0.0
            +---------+---------+-------+---------+---------+-------
